 Dungeon Crawl Stone Soup version 0.30-a0-313-gae38170b09 (webtiles) character file.

Game seed: 4185470477043127999

294 greasedhog the Trooper (level 6, -5/40 HPs)
             Began as a Gargoyle Cinder Acolyte on Oct 26, 2022.
             Was a High Priest of Ignis.
             Slain by an ice beast (13 damage)
             ... on level 3 of the Dungeon.
             The game lasted 00:04:02 (1830 turns).

greasedhog the Trooper (Gargoyle Cinder Acolyte)    Turns: 1830, Time: 00:04:03

Health: -5/40      AC: 16    Str: 20    XL:     6   Next: 33%
Magic:  7/7        EV: 11    Int: 14    God:    Ignis [*****.]
Gold:   70         SH:  0    Dex:  5    Spells: 7/7 levels left

rFire   + . .      SeeInvis .    j - +0 whip (flame)
rCold   . . .      Faith    .    (no shield)
rNeg    + . .      Spirit   .    b - +0 robe
rPois   ∞          Reflect  .    (no helmet)
rElec   +          Harm     .    g - +2 cloak
rCorr   .          Rampage  .    (no gloves)
Will    .....                    (no boots)
Stlth   +.........               (no amulet)
HPRegen 0.26/turn                (no ring)
MPRegen 0.10/turn                (no ring)

@: fiery-armoured
A: sickness immunity, AC +4, negative energy resistance 1, electricity
resistance, torment resistance 1, petrification resistance
a: Renounce Religion, Fiery Armour, Foxfire Swarm, Rising Flame


You were on level 3 of the Dungeon.
You worshipped Ignis.
Ignis was extremely pleased with you.
You visited 1 branch of the dungeon, and saw 3 of its levels.

You collected 70 gold pieces.

Inventory:

Hand Weapons
 j - a +0 whip of flaming (weapon)
Armour
 b - a +0 robe (worn)
 g - a +2 cloak (worn)
Jewellery
 h - a ring of resist corrosion
Scrolls
 a - a scroll of identify
 c - a scroll of enchant armour
 f - a scroll of teleportation
 i - a scroll of poison {unknown}
Potions
 e - 2 potions of brilliance
 k - a potion of heal wounds {unknown}


   Skills:
 - Level 5.1 Fighting
 * Level 4.9 Maces & Flails
 + Level 2.7 Armour
 * Level 1.0 Dodging
 - Level 1.0 Spellcasting
 - Level 3.0 Fire Magic


You had 7 spell levels left.
You didn't know any spells.
Your spell library contained the following spells:

 Spells                   Type           Power      Damage    Failure   Level
 Scorch                   Fire           18%        2d5       12%         2
 Shock                    Conj/Air       0%         1d3       26%         1
 Sting                    Tmut/Pois      0%         1d3       26%         1
 Poisonous Vapours        Pois/Air       0%         N/A       36%         2
 Swiftness                Air            0%         N/A       61%         3
 Airstrike                Air            0%         2d(0-16)  95%         4
 Olgreb's Toxic Radiance  Pois           0%         N/A       95%         4


Dungeon Overview and Level Annotations

Branches:
Dungeon (3/15)

Altars:


Innate Abilities, Weirdness & Mutations

You are immune to sickness and miasma.
Your stone body is resilient. (AC +4)
You are immune to poison.
You resist negative energy. (rN+)
You are resistant to electric shocks. (rElec)
You are resistant to unholy torment.
You are immune to petrification.


Message History

No target in view!
No target in view!
No target in view!
No target in view!
No target in view!
No target in view!
No target in view!
No target in view!
No target in view!
k - a blue potion
There is a stone staircase leading down here.
An ice beast comes into view.
The ice beast hits you but does no damage.
You barely miss the ice beast. You hit the ice beast.
You melt the ice beast.
The ice beast is lightly wounded.
The ice beast hits you. The ice beast freezes you!
You closely miss the ice beast.
The ice beast is lightly wounded.
The ice beast hits you but does no damage.
You hit the ice beast.
You melt the ice beast.
The ice beast is heavily wounded.
The ice beast hits you. The ice beast freezes you.
You barely miss the ice beast.
The ice beast is heavily wounded.
The ice beast hits you but does no damage.
You hit the ice beast.
You melt the ice beast.
The ice beast is heavily wounded.
The ice beast completely misses you.
You hit the ice beast but do no damage.
The ice beast is heavily wounded.
The ice beast hits you. The ice beast freezes you!
* * * LOW HITPOINT WARNING * * *
You feel better.
The ice beast hits you but does no damage.
A protective cloak of flame settles atop you.
The ice beast hits you.
* * * LOW HITPOINT WARNING * * *
The ice beast freezes you!
You die...

#.# #.#######
#.......#
##.#####.#
##...####.###
#...>........
##.....##.###
##.#####.#
#...@Y?.#
#########


You could see an ice beast.

Vanquished Creatures
  Sigmund (D:2)
  An orc priest (D:3)
  An iguana (D:3)
  3 adders (D:2)
  A worm (D:2)
  A dart slug (D:2)
  3 orcs (D:3)
  2 bats (D:1)
  6 endoplasms
  3 giant cockroaches
  4 goblins
  5 hobgoblins
  5 quokkas
  10 ball pythons
  2 frilled lizards (D:1)
  2 kobolds (D:1)
  3 rats
53 creatures vanquished.

Vanquished Creatures (others)
  23 foxfires (D:2)
23 creatures vanquished.

Grand Total: 76 creatures vanquished

Notes
Turn   | Place    | Note
-------+----------+-------------------------------------------
     0 | D:1      | greasedhog the Gargoyle Cinder Acolyte began the quest for
                  | the Orb.
     0 | D:1      | Reached XP level 1. HP: 14/14 MP: 2/2
   185 | D:1      | Reached XP level 2. HP: 19/19 MP: 3/3
   584 | D:1      | Reached skill level 1 in Armour
   689 | D:1      | Reached XP level 3. HP: 23/24 MP: 4/4
   882 | D:2      | Reached skill level 4 in Fighting
  1099 | D:2      | Reached XP level 4. HP: 27/29 MP: 5/5
  1120 | D:2      | Noticed Sigmund
  1141 | D:2      | Killed Sigmund
  1142 | D:2      | Reached skill level 5 in Fighting
  1142 | D:2      | Reached XP level 5. HP: 32/35 MP: 6/6
  1473 | D:2      | Reached XP level 6. HP: 39/40 MP: 7/7
  1731 | D:3      | Reached skill level 1 in Dodging
  1819 | D:3      | Noticed an ice beast
  1828 | D:3      | HP: 1/40 [ice beast (14)]
  1830 | D:3      | Slain by an ice beast

Illustrated notes

Levels and vault maps discovered:
D:1:      matt_arrival_grand_opening, layout_basic
D:2:      layout_basic, uniq_sigmund
D:3:      layout_loops_cross, uniq_jessica

Skill      XL: |  1  2  3  4  5  6 |
---------------+-------------------+-----
Armour         | 1 2 |  2.7
Fighting       | 4 5 |  5.1
Maces & Flails | 4 |  4.9
Dodging        | 1 |  1.0
Spellcasting   | |  1.0
Fire Magic     | |  3.0

Action                   |  1- 3 |  4- 6 || total
-------------------------+-------+-------++-------
Melee: Mace              |    87 |    23 ||   110
       Whip              |       |    16 ||    16
Invok: Foxfire Swarm     |       |     1 ||     1
       Fiery Armour      |       |     2 ||     2
  Use: Scroll            |     1 |     3 ||     4
       Potion            |       |     3 ||     3
Armor: Robe              |    26 |    18 ||    44
Dodge: Dodged            |    50 |    19 ||    69

Table legend: (Time is in decaauts)
 A = Elapsed time spent in this place.
 B = Non-inter-level travel time spent in this place.
 C = Inter-level travel time spent in this place.
 D = Time resting spent in this place.
 E = Time spent auto-exploring this place.
 F = Levels seen in this place.
 G = Mean time per level.
                   A        B        C        D        E       F      G
               +--------+--------+--------+--------+--------+-----+--------+
         Total |   1850 |   1782 |     68 |      0 |   1422 |   3 |  616.7 |
       Dungeon |   1850 |   1782 |     68 |      0 |   1422 |   3 |  616.7 |
               +--------+--------+--------+--------+--------+-----+--------+

Top non-repeatable levels by time:
     D:2: 823 daAuts
     D:1: 767 daAuts
     D:3: 259 daAuts
